 Dungeon Crawl Stone Soup version 0.21-a0-184-g9126a74 (webtiles) character file.

132 tehllama the Skirmisher (level 5, 0/42 HPs)
             Began as a Formicid Chaos Knight on Aug 12, 2017.
             Slain by a sun demon (18 damage)
             ... summoned by the capriciousness of Xom
             ... on level 2 of the Dungeon.
             The game lasted 00:02:17 (1639 turns).

tehllama the Skirmisher (Formicid Chaos Knight)     Turns: 1639, Time: 00:02:18

Health: 0/42       AC:  5    Str: 17    XL:     5   Next: 38%
Magic:  5/5        EV: 11    Int: 12    God:    Xom [...*..]
Gold:   118        SH:  3    Dex: 10    Spells: 4/4 levels left

rFire    . . .     SeeInvis +   a - +0 mace (chaos)
rCold    . . .     Gourm    .   k - +0 buckler
rNeg     . . .     Faith    .   b - +2 leather armour
rPois    .         Spirit   .   (helmet unavailable)
rElec    .         Reflect  .   (no cloak)
rCorr    .         Harm     .   (no gloves)
MR       .....                  (no boots)
Stlth    +.........             (no amulet)
HPRegen  0.14/turn              (no ring)
MPRegen  0.09/turn              (no ring)

@: no status effects
A: permanent stasis, dig shafts and tunnels, four strong arms, antennae 3
a: Dig, Shaft Self, Renounce Religion


You were on level 2 of the Dungeon.
You worshipped Xom.
You were a favourite toy of Xom.
You were hungry.

You visited 1 branch of the dungeon, and saw 2 of its levels.

You collected 118 gold pieces.

Inventory:

Hand Weapons
 a - a +0 mace of chaos (weapon)
Armour
 b - a +2 leather armour (worn)
 k - a +0 buckler (worn)
 o - a +0 chain mail
Scrolls
 e - a scroll of immolation {unknown}
 f - 2 scrolls of fear {unknown}
 g - a scroll of teleportation {unknown}
 i - 2 scrolls of enchant weapon {unknown}
 j - 3 scrolls of identify {unknown}
Potions
 d - a potion of degeneration {unknown}
 m - a potion of lignification {unknown}
 n - 2 potions of mutation {unknown}
 p - a potion of heal wounds {unknown}
Comestibles
 c - a bread ration
 h - 3 fruits


   Skills:
 + Level 4.1 Fighting
 + Level 3.8 Maces & Flails
 + Level 3.0 Armour
 + Level 2.0 Dodging
 + Level 1.9 Shields


You had 4 spell levels left.
You didn't know any spells.

Dungeon Overview and Level Annotations

Branches:
Dungeon (2/15)

Altars:


Innate Abilities, Weirdness & Mutations

You cannot be hasted, slowed, berserked, paralysed or teleported.
You can dig through walls and to a lower floor.
Your four strong arms can wield two-handed weapons with a shield.
You have a pair of large antennae on your head. (SInv)


Message History

No target in view!
No target in view!
Found a stone staircase leading down.
You now have 118 gold pieces (gained 9).
There is an escape hatch in the floor here.
You see here a leather armour.
All of the chunks of flesh in your inventory have rotted away.
You open the door.
You hear Xom's maniacal laughter.
Something forms from out of thin air!
A sun demon is nearby!
You are feeling hungry.
Found a scroll labeled HOTHAF VOAX.
The sun demon barely misses you.
You see here a scroll labeled HOTHAF VOAX.
j - 3 scrolls labeled HOTHAF VOAX (gained 1)
The sun demon hits you!
You are engulfed in flames!
The sun demon hits you!!
You die...
Xom yawns loudly!

#.#<..#........# #..####........
#.#####.#.####.# #..# #........
#.#.....#.#..#.###..####........
#.#.###(#.#..h...#..............
#.#.# ###.##.#.#.#.####.........
#.#.# #....#.#...# #.........
#...# ######.#.### #.########
###.# .......########.# #.#
#..@3.......# ### #.###########
#.


You could see a sun demon and a jackal (wandering).

Vanquished Creatures
  Terence (D:2)
  An iguana (D:2)
  3 adders
  An ooze (D:2)
  A worm (D:2)
  2 dart slugs
  2 leopard geckos
  8 bats
  A giant cockroach (D:1)
  5 goblins
  6 hobgoblins
  3 jackals (D:2)
  A quokka (D:2)
  4 frilled lizards
  3 kobolds
  2 rats
44 creatures vanquished.

Vanquished Creatures (collateral kills)
  A bat (D:1)
1 creature vanquished.

Grand Total: 45 creatures vanquished

Notes
Turn   | Place    | Note
-------+----------+-------------------------------------------
     0 | D:1      | tehllama the Formicid Chaos Knight began the quest for the Orb.
     0 | D:1      | Reached XP level 1. HP: 18/18 MP: 1/1
    26 | D:1      | Reached skill level 1 in Dodging
   266 | D:1      | Reached XP level 2. HP: 24/24 MP: 2/2
   388 | D:1      | XOM: divination: detect creatures
   396 | D:1      | Reached XP level 3. HP: 18/29 MP: 3/3
   641 | D:1      | XOM: harmless Ice miscast
   685 | D:1      | XOM: cloud trail
   892 | D:2      | Reached XP level 4. HP: 29/37 MP: 4/4
  1055 | D:2      | XOM: mild Conj miscast
  1075 | D:2      | XOM: polymorph worm -> iguana
  1083 | D:2      | Reached skill level 1 in Shields
  1237 | D:2      | Reached skill level 4 in Fighting
  1239 | D:2      | Reached XP level 5. HP: 39/42 MP: 5/5
  1382 | D:2      | Noticed Terence
  1390 | D:2      | XOM: cleaving
  1394 | D:2      | Killed Terence
  1628 | D:2      | XOM: medium Summ miscast
  1629 | D:2      | Noticed a sun demon
  1639 | D:2      | Slain by a sun demon

Vault maps used:
D:1:      minmay_arrival_checkered_box
D:2:      uniq_terence

Skill      XL: |  1  2  3  4  5 |
---------------+----------------+-----
Dodging        | 1 2 |  2.0
Shields        | 1 |  1.9
Fighting       | 4 |  4.1
Armour         | 3 |  3.0
Maces & Flails | |  3.8

Action                   |  1- 3 |  4- 6 || total
-------------------------+-------+-------++-------
Melee: Mace              |    80 |    58 ||   138
  Use: Scroll            |       |     1 ||     1
 Stab: Paralysed         |       |     1 ||     1
  Eat: Chunk             |       |     2 ||     2
Armor: Leather armour    |    50 |    25 ||    75
Dodge: Dodged            |    74 |    43 ||   117
Block: Buckler           |     7 |     7 ||    14
